 Dungeon Crawl Stone Soup version 0.31-a0-691-g409c26aa35 (webtiles) character file.

Game seed: 9127692362172232997

51 PimpSugar the Magician (level 3, 0/26 HPs)
             Began as a Demonspawn Hedge Wizard on Sept 6, 2023.
             Succumbed to an adder's poison
             ... on level 2 of the Dungeon.
             The game lasted 00:06:03 (1406 turns).

PimpSugar the Magician (Demonspawn Hedge Wizard)    Turns: 1406, Time: 00:06:04

Health: 0/26       AC:  2    Str: 10    XL:     3   Next: 58%
Magic:  6/7        EV: 12    Int: 17    God:
Gold:   39         SH:  0    Dex: 12    Spells: 5/8 levels left

rFire   . . .        a - +0 dagger
rCold   + . .        (no shield)
rNeg    . . .        b - +0 robe
rPois   .            c - +0 hat
rElec   .            (no cloak)
rCorr   .            (no gloves)
SInv    .            (no boots)
Will    .....        (no amulet)
Stlth   ++           q - ring of protection from cold
HPRegen 0.24/turn    (no ring)
MPRegen 0.10/turn

%: no passive effects
@: lethally poisoned (0 -> -5)
A: antennae 1, powered by pain 1
a: no special abilities


You were on level 2 of the Dungeon.
You visited 1 branch of the dungeon, and saw 2 of its levels.

You collected 104 gold pieces.
You spent 65 gold pieces at shops.

Inventory:

Hand Weapons
 a - a +0 dagger (weapon)
Missiles
 e - 23 stones
Armour
 b - a +0 robe (worn)
 c - a +0 hat (worn)
Jewellery
 q - a ring of protection from cold (left hand)
Scrolls
 h - a scroll of amnesia {unknown}
 i - a scroll of revelation {unknown}
 j - 2 scrolls of vulnerability {unknown}
 k - a scroll of enchant armour {unknown}
 m - a scroll of enchant weapon {unknown}
 n - a scroll of fear {unknown}
 o - a scroll of acquirement {unknown}
 p - a scroll of identify {unknown}
Potions
 d - a potion of magic
 f - a potion of cancellation {unknown}
 l - a potion of curing {unknown}


   Skills:
 * Level 1.2 Fighting
 - Level 1.7 Dodging
 + Level 2.1 Stealth
 * Level 3.4 Spellcasting
 + Level 1.5 Conjurations
 + Level 1.5 Summonings
 - Level 0.8 Translocations
 + Level 0.1 Fire Magic
 + Level 0.0 Earth Magic
 + Level 0.3 Poison Magic


You had 5 spell levels left.
You knew the following spells:

 Your Spells              Type           Power      Damage    Failure   Level
a - Magic Dart            Conj           32%        1d4       9%          1
b - Call Imp              Summ           16%        N/A       14%         2

Your spell library contained the following spells:

 Spells                   Type           Power      Damage    Failure   Level
 Slow                     Hex            8%         N/A       17%         1
 Blink                    Tloc           10%        N/A       19%         2
 Cigotuvi's Dreadful Rot  Necr/Pois/Air  6%         N/A       24%         2
 Mephitic Cloud           Conj/Pois/Air  5%         N/A       36%         3
 Ignite Poison            Fire/Tmut/Pois 3%         N/A       43%         3
 Sticky Flame             Conj/Fire      5%         2d3       75%         4
 Leda's Liquefaction      Hex/Erth       1%         N/A       86%         4
 Lee's Rapid Deconstruct  Erth           1%         3d4*      99%         5
 Leda's Unmaking          Conj/Erth      2%         9d1       100%        6
 Ignition                 Fire           1%         3d3       100%        8


Dungeon Overview and Level Annotations

Branches:
Dungeon (2/15)

Altars:

Shops:
D:1 !


Innate Abilities, Weirdness & Mutations

You have a pair of small antennae on your head.
You sometimes gain a little power by taking damage.


Message History

The adder is heavily wounded.
You feel sick. The adder bites you.
You are more poisoned.
The adder poisons you! The adder bites you.
Your cerulean imp misses the adder.
You miss the adder. Your punch misses the adder.
The adder is heavily wounded.
You feel sick. The adder bites you.
You are more poisoned.
The adder poisons you!
Your cerulean imp hits the adder but does no damage.
You miss the adder.
The adder is heavily wounded.
You feel very sick. The adder barely misses you.
Your cerulean imp hits the adder with a -4 spear.
You hit the adder.
The adder is almost dead.
You feel very sick.
The adder bites you but does no damage. x2
Your cerulean imp hits the adder with a -4 spear.
You miss the adder.
The adder is almost dead.
You feel sick. The adder bites you.
* * * LOW HITPOINT WARNING * * *
You are more poisoned.
The adder poisons you!
Your cerulean imp hits the adder but does no damage.
You hit the adder.
You kill the adder!
* * * LOW HITPOINT WARNING * * *
You feel sick.
Your cerulean imp hits the adder but does no damage.
You barely miss the adder.
The adder is almost dead.
* * * LOW HITPOINT WARNING * * *
You feel sick. The adder barely misses you. The adder closely misses you.
Your cerulean imp misses the adder.
You barely miss the adder.
The adder is almost dead.
You die...

. .. ###### ####...
.....###### .......
.....#....########..$.#
.....'....'.....@Sw5..+
.....#....########....#
.....#....# ...(#
.....#....# ....#
.#####....# ##### >#
###### .# .# .#


You could see an adder (ally target), a dart slug and a friendly cerulean imp
(summoned).

Vanquished Creatures
  2 adders (D:2)
  3 endoplasms
  3 giant cockroaches (D:1)
  3 goblins (D:1)
  4 hobgoblins
  A quokka (D:1)
  3 bats
  2 frilled lizards (D:1)
  A kobold (D:1)
  2 rats
24 creatures vanquished.

Vanquished Creatures (collateral kills)
  A ball python (D:2)
  An endoplasm (D:2)
  A hobgoblin (D:1)
  A quokka (D:2)
  3 kobolds
  A rat (D:2)
8 creatures vanquished.

Grand Total: 32 creatures vanquished

Notes
Turn   | Place    | Note
-------+----------+-------------------------------------------
     0 | D:1      | PimpSugar the Demonspawn Hedge Wizard began the quest for
                  | the Orb.
     0 | D:1      | Reached XP level 1. HP: 13/13 MP: 4/4
   188 | D:1      | Gained mutation: You have a pair of small antennae on your
                  | head. [demonic ancestry]
   188 | D:1      | Reached XP level 2. HP: 20/20 MP: 3/6
   375 | D:1      | Learned a level 2 spell: Call Imp
   389 | D:1      | Found Guolinuo's Distillery.
   475 | D:1      | Reached skill level 1 in Fighting
  1030 | D:1      | Bought a potion of heal wounds for 65 gold pieces
  1235 | D:2      | Gained mutation: You sometimes gain a little power by
                  | taking damage. [demonic ancestry]
  1235 | D:2      | Reached XP level 3. HP: 22/26 MP: 0/7
  1406 | D:2      | Succumbed to an adder's poison

Illustrated notes

Levels and vault maps discovered:
D:1:      mrwooster_arrival_statue, layout_basic, serial_shops,
          nicolae_shop_behind_doors
D:2:      layout_basic, basic_altar

Skill      XL: |  1  2 |
---------------+-------+-----
Stealth        | 2 |  2.1
Fighting       | 1 |  1.2
Dodging        | |  1.7
Spellcasting   | |  3.4
Conjurations   | |  1.5
Summonings     | |  1.5
Translocations | |  0.8
Fire Magic     | |  0.1
Poison Magic   | |  0.3

Action                     || total
---------------------------++-------
  Melee: Dagger            ||    67
         Punch             ||     1
   Cast: Magic Dart        ||    41
         Call Imp          ||     6
    Use: Potion            ||     2
   Stab: Sleeping          ||     1
 Armour: Robe              ||    30
  Dodge: Dodged            ||    56

Table legend: (Time is in decaauts)
 A = Elapsed time spent in this place.
 B = Non-inter-level travel time spent in this place.
 C = Inter-level travel time spent in this place.
 D = Time resting spent in this place.
 E = Time spent auto-exploring this place.
 F = Levels seen in this place.
 G = Mean time per level.
                   A        B        C        D        E       F      G
               +--------+--------+--------+--------+--------+-----+--------+
         Total |   1405 |   1314 |     91 |     40 |    887 |   2 |  702.5 |
       Dungeon |   1405 |   1314 |     91 |     40 |    887 |   2 |  702.5 |
               +--------+--------+--------+--------+--------+-----+--------+

Top non-repeatable levels by time:
     D:1: 1191 daAuts
     D:2: 214 daAuts
